 Dungeon Crawl Stone Soup version 0.30.0-20-g3615ddf2f0 (webtiles) character file.

Game seed: 915521852259879133

30431 qw the Cleaver (level 13, -2/82 HPs)
             Began as a Gargoyle Fighter on May 27, 2023.
             Was an Elder of Okawaru.
             Killed from afar by an ice dragon (47 damage)
             ... with a blast of cold
             ... on level 4 of the Lair of Beasts.
             The game lasted 00:07:07 (12845 turns).

qw the Cleaver (Gargoyle Fighter)                  Turns: 12845, Time: 00:07:08

Health: -2/82      AC: 21    Str: 24    XL:     13   Next: 51%
Magic:  19/19      EV: 18    Int: 10    God:    Okawaru [****..]
Gold:   501        SH: 17    Dex:  9    Spells: 12/12 levels left

rFire   . . .        Y - +0 broad axe (flame)
rCold   . . .        s - +0 kite shield
rNeg    + . .        A - +1 robe of Vines {NoPotionHeal Regen++++}
rPois   inf          (no helmet)
rElec   +            m - +1 cloak
rCorr   .            p - +2 pair of gloves
SInv    +            y - +0 pair of boots
Will    .....        t - amulet of reflection
Stlth   +++          e - ring of see invisible
HPRegen 3.53/turn    f - +5 ring of evasion
MPRegen 0.16/turn

%: reflection
@: heroic
A: sickness immunity, AC +9, negative energy resistance 1, electricity
resistance, torment resistance 1, petrification resistance
a: Renounce Religion, Heroism, Finesse


You were on level 4 of the Lair of Beasts.
You worshipped Okawaru.
Okawaru was greatly pleased with you.
You visited 3 branches of the dungeon, and saw 15 of its levels.
You also visited: Ossuary.

You collected 903 gold pieces.
You spent 402 gold pieces at shops.


Innate Abilities, Weirdness & Mutations

You are immune to sickness and miasma.
Your stone body is resilient. (AC +9)
You are immune to poison.
You resist negative energy. (rN+)
You are resistant to electric shocks. (rElec)
You are resistant to unholy torment.
You are immune to petrification.


   Skills:
 + Level 10.0(15.0) Fighting
 - Level 14.0(19.0) Axes
 - Level 2.6(7.6) Throwing
 - Level 7.0(12.0) Armour
 - Level 3.0(8.0) Dodging
 - Level 11.1(16.1) Shields
 + Level 9.2 Invocations


You had 12 spell levels left.
You didn't know any spells.
Your spell library was empty.

Inventory:

Hand Weapons
 Y - a +0 broad axe of flaming (weapon)
Armour
 l - a +1 hat
 m - a +1 cloak (worn)
 p - a +2 pair of gloves (worn)
 s - a +0 kite shield (worn)
 y - a +0 pair of boots (worn)
 A - the +1 robe of Vines (worn) {NoPotionHeal Regen++++}
   (You found it on level 1 of the Lair of Beasts)

   NoPotionHeal: Its wearer cannot be healed by potions.
   Regen:     It increases your rate of health regeneration.
Jewellery
 a - a ring of ice
 b - a ring of protection from fire
 e - a ring of see invisible (left hand)
 f - a +5 ring of evasion (right hand)
 k - a +6 ring of strength
 o - the ring "Hyixun" {Ice Dex+2 Stlth+}
   (You took it off a hobgoblin on level 4 of the Dungeon)

   [ring of ice]

   It enhances your ice magic.
   Dex:       It affects your dexterity (+2).
   rF:        It makes you vulnerable to fire.
   rC:        It protects you from cold.
   Stlth:     It makes you more stealthy.
 t - an amulet of reflection (around neck)
Wands
 x - a wand of digging (2)
Scrolls
 i - 12 scrolls of identify
 v - 3 scrolls of teleportation
Potions
 c - 2 potions of haste
 d - 4 potions of might
 g - 6 potions of curing
 h - 5 potions of lignification
 j - a potion of resistance
 n - 3 potions of attraction
 q - 2 potions of mutation
 r - a potion of cancellation
 w - 3 potions of heal wounds
 z - a potion of magic

Dungeon Overview and Level Annotations

Branches:
Dungeon (10/15)            Temple (1/1) D:5            Lair (4/5) D:10
 Shoals (0/4) Lair:2       Spider (0/4) Lair:2          Orc (0/2) D:9
Ossuary (visited)
  Slime: Lair:4-5

Altars:
Ashenzari
Cheibriados
Dithmenos
Elyvilon
Fedhas
Gozag
Hepliaklqana
Kikubaaqudgha
Makhleb
Nemelex Xobeh
Okawaru
Qazlal
Ru
Sif Muna
Trog
Uskayaw
Vehumet
Wu Jian
Xom
Yredelemnul
Zin
The Shining One

Shops:
D:5 ?   D:6 *[:*


Message History

Enter note:
Enter note:
Enter note:
Enter note:
Enter note:
Enter note:
Enter note:
Enter note:
Enter note:
Enter note:
Enter note:
Enter note:
Enter note:
Enter note:
Enter note:
Enter note:
Enter note:
Enter note:
Enter note:
Enter note:
Enter note:
Enter note:
Enter note:
Enter note: You barely miss the ice dragon.
You slash the ice dragon! You burn the ice dragon!
The ice dragon is moderately wounded.
The ice dragon bites you. The ice dragon claws you!
You block the ice dragon's attack.
You hit the ice dragon. You burn the ice dragon.
The ice dragon is moderately wounded.
The ice dragon bites you but does no damage.
You block the ice dragon's attack.
The ice dragon tramples you but does no damage.
You slash the ice dragon! You burn the ice dragon!
The ice dragon is severely wounded.
The ice dragon breathes frost at you. The blast of cold hits you!!!
Ouch! That really hurt!
You die...

~........####
~~......###.# .....#
~~~......##.# ....
¤¤~.........# ....
~~~..##..#..# ...
~~~.##..##..####..
~~...#..##...# .h#
~...#....#...# #D#
........#....# #@##
........##...# ##.#
........#...####.##
............###.####...
.......................
........##.............
........ ##............
.....#. ...............
....## #..###..........


You could see an ice dragon (catching breath) and a polar bear.

Vanquished Creatures
  2 hydras (Lair:1)
  A two-headed ogre (D:9)
  6 death yaks (Lair:4)
  Amaemon (D:8)
  A wolf spider (Lair:2)
  An oklob plant (Lair:1)
  5 elephants (Lair:4)
  2 black mambas (Lair:1)
  7 cane toads
  A gargoyle (D:7)
  An orange demon (D:8)
  A rime drake (Lair:3)
  Maggie (Lair:2)
  5 komodo dragons
  3 polar bears
  2 trolls (D:10)
  4 blink frogs (Lair:3)
  5 dream sheep (Lair:4)
  A culicivora (Lair:2)
  2 jumping spiders (Lair:2)
  Sigmund (D:2)
  A shadow (D:10)
  2 spriggans (Lair:3)
  3 wyverns
  33 yaks
  A basilisk (Lair:4)
  A redback (Lair:2)
  11 water moccasins
  An acid dragon (D:9)
  An orc warrior (D:9)
  5 black bears
  2 ogres (D:5)
  31 wolves
  4 boggarts (Lair:4)
  9 centaurs
  A phantom (D:5)
  2 kobold brigands (D:7)
  6 bullfrogs
  A scorpion (D:6)
  5 wights (D:10)
  2 electric eels (D:6)
  2 howler monkeys
  3 centaur zombies (Ossuary)
  3 hounds
  4 human zombies (Ossuary)
  2 orc priests
  3 jellies (D:7)
  3 iguanas
  7 orc wizards
  Natasha (twice) (D:4)
  3 mummies (Ossuary)
  A gnoll (D:4)
  4 adders
  A shadow imp (D:5)
  A white imp (D:7)
  2 worms
  5 dart slugs
  33 orcs
  8 bats
  9 endoplasms
  5 giant cockroaches
  A gnoll zombie (Ossuary)
  8 goblins
  7 hobgoblins
  6 jackals (D:1)
  A quokka (D:3)
  11 ball pythons
  4 frilled lizards
  A jackal zombie (D:8)
  13 kobolds
  8 rats
  A rat zombie (D:8)
337 creatures vanquished.

Vanquished Creatures (others)
  Nessos (Lair:4)
1 creature vanquished.

Grand Total: 338 creatures vanquished

Notes
Turn   | Place    | Note
-------+----------+-------------------------------------------
     0 | D:1      | qw the Gargoyle Fighter began the quest for the Orb.
     0 | D:1      | Reached XP level 1. HP: 14/14 MP: 1/1
     0 | D:1      | 0 ||| qw: Version: 0.2-a-99-g0e97a82
     0 | D:1      | 0 ||| qw: Game counter: 108
     0 | D:1      | 0 ||| qw: Always use a shield: true
     0 | D:1      | 0 ||| qw: God list: Okawaru
     0 | D:1      | 0 ||| qw: Allow faded altars: false
     0 | D:1      | 0 ||| qw: Do Orc after D:15 true
     0 | D:1      | 0 ||| qw: Do second Lair branch before Depths: true
     0 | D:1      | 0 ||| qw: Lair rune preference: random
     0 | D:1      | 0 ||| qw: Plans: Normal, Zot:1-4, God:TSO, Crypt, Tomb,
                  | Pan, Slime:5, Hells, Abyss, Win
     0 | D:1      | 0 ||| PLANNING D:1-11
    63 | D:1      | Reached skill level 2 in Axes
   101 | D:1      | 101 ||| Stepping ~*~*~tactically~*~*~ (hiding).
   110 | D:1      | Reached XP level 2. HP: 17/19 MP: 2/2
   147 | D:1      | 147 ||| Stepping ~*~*~tactically~*~*~ (stealth).
   148 | D:1      | 148 ||| Stepping ~*~*~tactically~*~*~ (stealth).
   149 | D:1      | 149 ||| Stepping ~*~*~tactically~*~*~ (stealth).
   150 | D:1      | 150 ||| Stepping ~*~*~tactically~*~*~ (stealth).
   313 | D:1      | Reached skill level 3 in Axes
   414 | D:1      | Reached XP level 3. HP: 23/23 MP: 3/3
   595 | D:1      | 595 ||| Stepping ~*~*~tactically~*~*~ (hiding).
   596 | D:1      | 596 ||| Stepping ~*~*~tactically~*~*~ (hiding).
   681 | D:1      | Found a faded altar of an unknown god.
   693 | D:1      | 693 ||| Stepping ~*~*~tactically~*~*~ (stealth).
   851 | D:1      | 851 ||| DROPPING +2 leather armour of poison resistance.
   852 | D:1      | 852 ||| UPGRADING to +0 cloak.
   857 | D:1      | 857 ||| UPGRADING to ring of see invisible.
   858 | D:1      | 858 ||| UPGRADING to +5 ring of evasion.
   859 | D:1      | 859 ||| READING scroll labelled MAINLO OMMIVIA.
   860 | D:1      | 860 ||| READING 2 scrolls labelled WEIVUOLEOCY.
   861 | D:1      | 861 ||| READING scroll labelled GAGYIC RAVVUIH.
  1120 | D:2      | 1120 ||| Stepping ~*~*~tactically~*~*~ (stealth).
  1282 | D:2      | Noticed Sigmund
  1283 | D:2      | 1283 ||| Stepping ~*~*~tactically~*~*~ (hiding).
  1303 | D:2      | Killed Sigmund
  1304 | D:2      | Reached skill level 5 in Axes
  1304 | D:2      | Reached XP level 4. HP: 21/28 MP: 4/4
  1304 | D:2      | Reached XP level 5. HP: 24/32 MP: 5/5
  1760 | D:2      | 1760 ||| DROPPING amulet of faith.
  1761 | D:2      | 1761 ||| DROPPING ring of magical power.
  1762 | D:2      | 1762 ||| READING scroll labelled OXATIS REL ODUF.
  1763 | D:2      | 1763 ||| READING scroll labelled CAMOIG HUFAE.
  1766 | D:2      | 1766 ||| READING scroll labelled ZIMIF USTOEGRO.
  1767 | D:2      | 1767 ||| DRINKING 2 black potions.
  1768 | D:2      | 1768 ||| READING 2 scrolls of identify.
  1768 | D:2      | 1768 ||| IDENTIFYING lumpy cyan potion
  1769 | D:2      | 1769 ||| DROPPING potion of brilliance.
  1770 | D:2      | 1770 ||| DROPPING potion of flight.
  1817 | D:3      | Reached XP level 6. HP: 37/38 MP: 6/6
  2096 | D:3      | Found a snail-covered altar of Cheibriados.
  2097 | D:3      | 2097 ||| READING scroll labelled ZEL DAR YRGH.
  2108 | D:3      | 2108 ||| Stepping ~*~*~tactically~*~*~ (stealth).
  2109 | D:3      | 2109 ||| Stepping ~*~*~tactically~*~*~ (stealth).
  2113 | D:3      | 2113 ||| Stepping ~*~*~tactically~*~*~ (stealth).
  2427 | D:3      | 2427 ||| READING 2 scrolls of identify.
  2427 | D:3      | 2427 ||| IDENTIFYING blue potion
  2609 | D:3      | Identified the +4 falchion "Jaruagut" {heavy, rPois rF++
                  | rC+}
  2845 | D:3      | 2845 ||| DROPPING +0 club.
  2991 | D:4      | 2991 ||| DROPPING +0 flail.
  3136 | D:4      | Reached skill level 1 in Dodging
  3144 | D:4      | Identified the ring "Hyixun" {Ice Dex+2 Stlth+}
  3163 | D:4      | 3163 ||| Stepping ~*~*~tactically~*~*~ (stealth).
  3164 | D:4      | 3164 ||| Stepping ~*~*~tactically~*~*~ (stealth).
  3165 | D:4      | 3165 ||| Stepping ~*~*~tactically~*~*~ (stealth).
  3166 | D:4      | 3166 ||| Stepping ~*~*~tactically~*~*~ (stealth).
  3171 | D:4      | 3171 ||| Stepping ~*~*~tactically~*~*~ (stealth).
  3434 | D:4      | Noticed Natasha
  3442 | D:4      | Killed Natasha
  3571 | D:4      | 3571 ||| UPGRADING to +0 pair of gloves.
  3576 | D:4      | 3576 ||| READING scroll labelled MOUMUWKIOZ.
  3577 | D:4      | 3577 ||| READING scroll labelled RARRIOCWEO.
  3578 | D:4      | 3578 ||| DRINKING 3 bubbling inky potions.
  3671 | D:4      | Noticed Natasha
  3677 | D:4      | Killed Natasha
  3682 | D:5      | Entered Level 5 of the Dungeon
  3695 | D:5      | Reached skill level 6 in Axes
  3726 | D:5      | 3726 ||| Stepping ~*~*~tactically~*~*~ (stealth).
  3730 | D:5      | Noticed a black bear
  3740 | D:5      | Killed a black bear
  3741 | D:5      | Reached XP level 7. HP: 39/43 MP: 7/7
  3795 | D:5      | 3795 ||| READING scroll of enchant armour.
  3795 | D:5      | 3795 ||| ENCHANTING +0 pair of gloves.
  3798 | D:5      | Found a staircase to the Ecumenical Temple.
  3799 | D:5      | 3799 ||| PLANNING TEMPLE
  3807 | Temple   | Entered the Ecumenical Temple
  3976 | Temple   | 3976 ||| PLANNING D:1-11
  4223 | D:5      | Reached skill level 7 in Axes
  4391 | D:5      | Reached XP level 8. HP: 41/49 MP: 8/8
  4506 | D:5      | Reached skill level 1 in Throwing
  4525 | D:5      | Identified the orb of Pantheism {light, Harm}
  4656 | D:5      | Found Xofijum's Magic Scroll Shop.
  4664 | D:5      | 4664 ||| BUYING scroll of enchant armour (90 gold).
  4664 | D:5      | Bought a scroll of enchant armour for 90 gold pieces
  4664 | D:5      | 4664 ||| BUYING scroll of identify (24 gold).
  4664 | D:5      | Bought a scroll of identify for 24 gold pieces
  4664 | D:5      | 4664 ||| BUYING scroll of teleportation (36 gold).
  4664 | D:5      | Bought a scroll of teleportation for 36 gold pieces
  4664 | D:5      | 4664 ||| READING scroll of enchant armour.
  4664 | D:5      | 4664 ||| ENCHANTING +1 pair of gloves.
  4775 | D:5      | 4775 ||| DROPPING orb of Pantheism {light, Harm}.
  4776 | D:5      | 4776 ||| UPGRADING to amulet of reflection.
  4781 | D:5      | 4781 ||| READING scroll labelled NIUMYO ACVAIGI.
  4882 | D:5      | 4882 ||| READING 3 scrolls of identify.
  4882 | D:5      | 4882 ||| IDENTIFYING orange potion
  4883 | D:5      | 4883 ||| READING 2 scrolls of identify.
  4883 | D:5      | 4883 ||| IDENTIFYING fuming inky potion
  4917 | D:6      | 4917 ||| Stepping ~*~*~tactically~*~*~ (hiding).
  4918 | D:6      | 4918 ||| Stepping ~*~*~tactically~*~*~ (hiding).
  4995 | D:6      | Found Tumolaak's Assorted Antiques.
  4999 | D:6      | 4999 ||| BUYING 3 scrolls of identify (162 gold).
  4999 | D:6      | Bought 3 scrolls of identify for 162 gold pieces
  4999 | D:6      | 4999 ||| SHOPLISTING runed chain mail (202 gold, have 6).
  4999 | D:6      | 4999 ||| SHOPLISTING scroll of identify (54 gold, have 6).
  4999 | D:6      | 4999 ||| SHOPLISTING scroll of teleportation (81 gold, have
                  | 6).
  4999 | D:6      | 4999 ||| SHOPLISTING silvery potion (24 gold, have 6).
  5013 | D:6      | 5013 ||| READING scroll of enchant armour.
  5013 | D:6      | 5013 ||| ENCHANTING +0 cloak.
  5029 | D:6      | 5029 ||| Stepping ~*~*~tactically~*~*~ (water).
  5086 | D:6      | 5086 ||| READING scroll of enchant weapon.
  5086 | D:6      | 5086 ||| ENCHANTING +1 war axe.
  5115 | D:6      | 5115 ||| Stepping ~*~*~tactically~*~*~ (stealth).
  5143 | D:6      | Found Geyghid's Antique Armour Shop.
  5149 | D:6      | Found a hazy altar of Hepliaklqana.
  5151 | D:6      | 5151 ||| SHOPLISTING chain mail (117 gold, have 15).
  5151 | D:6      | 5151 ||| SHOPLISTING glowing scale mail (182 gold, have
                  | 15).
  5151 | D:6      | 5151 ||| SHOPLISTING helmet (117 gold, have 15).
  5151 | D:6      | 5151 ||| SHOPLISTING runed ring mail (182 gold, have 15).
  5151 | D:6      | 5151 ||| SHOPLISTING shiny scale mail (182 gold, have 15).
  5159 | D:6      | Reached skill level 8 in Axes
  5180 | D:6      | Found a radiant altar of Vehumet.
  5260 | D:6      | Found Gusuleho's Assorted Antiques.
  5263 | D:6      | 5263 ||| SHOPLISTING 2 scrolls of identify (112 gold, have
                  | 33).
  5263 | D:6      | 5263 ||| SHOPLISTING crude iron ring (140 gold, have 33).
  5263 | D:6      | 5263 ||| SHOPLISTING potion of curing (84 gold, have 33).
  5263 | D:6      | 5263 ||| SHOPLISTING potion of lignification (84 gold, have
                  | 33).
  5263 | D:6      | 5263 ||| SHOPLISTING potion of might (112 gold, have 33).
  5444 | D:6      | Found Xuyzeil's Book Shop.
  5448 | D:6      | 5448 ||| READING scroll labelled BOUCOWKEK.
  5504 | D:7      | Reached skill level 6 in Fighting
  5644 | D:7      | Noticed a gargoyle
  5645 | D:7      | 5645 ||| Stepping ~*~*~tactically~*~*~ (stealth).
  5657 | D:7      | Killed a gargoyle
  5658 | D:7      | Reached skill level 9 in Axes
  5658 | D:7      | Reached XP level 9. HP: 14/55 MP: 9/9
  5889 | D:7      | Found a hide-covered altar of Uskayaw.
  5967 | D:7      | 5967 ||| Stepping ~*~*~tactically~*~*~ (stealth).
  5970 | D:7      | 5970 ||| Stepping ~*~*~tactically~*~*~ (stealth).
  6058 | D:7      | 6058 ||| Stepping ~*~*~tactically~*~*~ (stealth).
  6188 | D:7      | Found a flagged portal.
  6214 | D:7      | 6214 ||| UPGRADING to +0 kite shield.
  6224 | D:7      | 6224 ||| DROPPING +0 buckler.
  6225 | D:7      | 6225 ||| READING 3 scrolls labelled AHAUMU KONKU.
  6226 | D:7      | 6226 ||| READING scroll labelled MEANUTHRUSOE.
  6227 | D:7      | 6227 ||| DROPPING 2 scrolls of amnesia.
  6253 | D:8      | Found a sand-covered staircase.
  6254 | D:8      | 6254 ||| PLANNING OSSUARY
  6266 | Ossuary  | Entered an ossuary
  6351 | Ossuary  | 6351 ||| FLEEEEING.
  6352 | Ossuary  | 6352 ||| FLEEEEING.
  6353 | Ossuary  | 6353 ||| FLEEEEING.
  6354 | Ossuary  | 6354 ||| FLEEEEING.
  6355 | Ossuary  | 6355 ||| FLEEEEING.
  6356 | Ossuary  | 6356 ||| FLEEEEING.
  6357 | Ossuary  | 6357 ||| FLEEEEING.
  6358 | Ossuary  | 6358 ||| FLEEEEING.
  6359 | Ossuary  | 6359 ||| FLEEEEING.
  6360 | Ossuary  | 6360 ||| FLEEEEING.
  6679 | Ossuary  | 6679 ||| READING scroll labelled EJEKLIHEI.
  6680 | Ossuary  | 6680 ||| DRINKING 3 sedimented puce potions.
  6681 | Ossuary  | 6681 ||| READING 6 scrolls of identify.
  6681 | Ossuary  | 6681 ||| IDENTIFYING metallic puce potion
  6682 | Ossuary  | 6682 ||| READING 5 scrolls of identify.
  6682 | Ossuary  | 6682 ||| IDENTIFYING fizzy red potion
  6683 | Ossuary  | 6683 ||| READING 4 scrolls of identify.
  6683 | Ossuary  | 6683 ||| IDENTIFYING dark potion
  6684 | Ossuary  | 6684 ||| READING 3 scrolls of identify.
  6684 | Ossuary  | 6684 ||| IDENTIFYING murky black potion
  6685 | Ossuary  | 6685 ||| READING 2 scrolls of identify.
  6685 | Ossuary  | 6685 ||| IDENTIFYING murky coppery potion
  6686 | Ossuary  | 6686 ||| DROPPING potion of magic.
  6687 | Ossuary  | 6687 ||| DROPPING potion of ambrosia.
  6688 | Ossuary  | 6688 ||| DROPPING potion of invisibility.
  6703 | D:8      | 6703 ||| PLANNING D:1-11
  6775 | D:8      | Reached skill level 6 in Shields
  6927 | D:8      | Noticed an orange demon
  6928 | D:8      | Noticed Amaemon
  6938 | D:8      | Killed an orange demon
  6951 | D:8      | HP: 13/56 [Amaemon/-1 demon whip of venom (7)]
  6952 | D:8      | 6952 ||| READING 3 scrolls of teleportation.
  6953 | D:8      | 6953 ||| DRINKING potion of heal wounds.
  6966 | D:8      | Killed Amaemon
  7070 | D:8      | 7070 ||| DROPPING +0 morningstar.
  7097 | D:8      | Identified the +8 whip of Siekunipn {speed, rPois rF+
                  | Int-3}
  7124 | D:8      | Found a shimmering blue altar of Sif Muna.
  7132 | D:8      | Found an iron altar of Okawaru.
  7133 | D:8      | 7133 ||| PLANNING OKAWARU WORSHIP
  7133 | D:8      | 7133 ||| READING 2 scrolls of identify.
  7133 | D:8      | 7133 ||| IDENTIFYING silvery potion
  7134 | D:8      | Found an opulent altar of Gozag.
  7134 | D:8      | Found a shadowy altar of Dithmenos.
  7136 | D:8      | Became a worshipper of Warmaster Okawaru
  7136 | D:8      | 7136 ||| PLANNING D:1-11
  7208 | D:8      | 7208 ||| READING scroll of enchant weapon.
  7208 | D:8      | 7208 ||| ENCHANTING +2 war axe.
  7355 | D:9      | 7355 ||| DRINKING 5 potions of curing.
  7355 | D:9      | 7355 ||| (to cure confusion)
  7445 | D:9      | 7445 ||| Stepping ~*~*~tactically~*~*~ (hiding).
  7452 | D:9      | Reached XP level 10. HP: 61/61 MP: 10/10
  7458 | D:9      | HP: 15/61 [acid dragon/splash of acid (28)]
  7459 | D:9      | 7459 ||| READING 2 scrolls of teleportation.
  7464 | D:9      | 7464 ||| Stepping ~*~*~tactically~*~*~ (stealth).
  7466 | D:9      | 7466 ||| Stepping ~*~*~tactically~*~*~ (hiding).
  7467 | D:9      | 7467 ||| Stepping ~*~*~tactically~*~*~ (hiding).
  7484 | D:9      | Reached skill level 9 in Shields
  7549 | D:9      | 7549 ||| Stepping ~*~*~tactically~*~*~ (stealth).
  7550 | D:9      | 7550 ||| Stepping ~*~*~tactically~*~*~ (stealth).
  7551 | D:9      | 7551 ||| Stepping ~*~*~tactically~*~*~ (stealth).
  7629 | D:9      | Found a staircase to the Orcish Mines.
  7680 | D:9      | Noticed a two-headed ogre
  7691 | D:9      | Killed a two-headed ogre
  7691 | D:9      | Reached * piety under Okawaru
  8090 | D:9      | 8090 ||| UPGRADING to +0 chain mail.
  8100 | D:9      | 8100 ||| DROPPING +0 scale mail.
  8101 | D:9      | 8101 ||| UPGRADING to +0 pair of boots.
  8112 | D:10     | Entered Level 10 of the Dungeon
  8120 | D:10     | 8120 ||| Stepping ~*~*~tactically~*~*~ (stealth).
  8122 | D:10     | 8122 ||| INVOKING Heroism.
  8131 | D:10     | Reached skill level 1 in Invocations
  8133 | D:10     | 8133 ||| INVOKING Heroism.
  8145 | D:10     | 8145 ||| Stepping ~*~*~tactically~*~*~ (stealth).
  8149 | D:10     | 8149 ||| FLEEEEING.
  8150 | D:10     | 8150 ||| FLEEEEING.
  8151 | D:10     | 8151 ||| FLEEEEING.
  8152 | D:10     | 8152 ||| FLEEEEING.
  8153 | D:10     | 8153 ||| FLEEEEING.
  8154 | D:10     | 8154 ||| STAIRDANCE
  8196 | D:10     | 8196 ||| INVOKING Heroism.
  8223 | D:10     | 8223 ||| INVOKING Heroism.
  8235 | D:10     | Reached skill level 3 in Invocations
  8315 | D:10     | Found a stormy altar of Qazlal.
  8374 | D:10     | 8374 ||| Stepping ~*~*~tactically~*~*~ (stealth).
  8376 | D:10     | 8376 ||| Stepping ~*~*~tactically~*~*~ (stealth).
  8383 | D:10     | 8383 ||| Stepping ~*~*~tactically~*~*~ (hiding).
  8385 | D:10     | 8385 ||| Stepping ~*~*~tactically~*~*~ (hiding).
  8387 | D:10     | 8387 ||| Stepping ~*~*~tactically~*~*~ (hiding).
  8394 | D:10     | Reached skill level 10 in Axes
  8423 | D:10     | Reached ** piety under Okawaru
  8488 | D:10     | 8488 ||| INVOKING Heroism.
  8545 | D:10     | Found a staircase to the Lair.
  8687 | D:10     | 8687 ||| Stepping ~*~*~tactically~*~*~ (stealth).
  8688 | D:10     | 8688 ||| Stepping ~*~*~tactically~*~*~ (stealth).
  8693 | D:10     | 8693 ||| Stepping ~*~*~tactically~*~*~ (stealth).
  8715 | D:10     | Reached skill level 6 in Armour
  8752 | D:10     | Found Zin's Purification Station.
  8752 | D:10     | Found a glowing silver altar of Zin.
  8760 | D:10     | 8760 ||| BUYING potion of curing (90 gold).
  8760 | D:10     | Bought a potion of curing for 90 gold pieces
  8848 | D:10     | 8848 ||| PLANNING LAIR
  8925 | Lair:1   | Entered Level 1 of the Lair of Beasts
  8929 | Lair:1   | Noticed a seven-headed hydra
  8930 | Lair:1   | 8930 ||| INVOKING Heroism.
  8936 | Lair:1   | 8936 ||| SWAPPING to -1 demon whip of venom.
  8941 | Lair:1   | Killed a seven-headed hydra
  8942 | Lair:1   | Reached XP level 11. HP: 59/69 MP: 12/14
  8942 | Lair:1   | 8942 ||| SWAPPING to +3 war axe.
  9024 | Lair:1   | 9024 ||| INVOKING Heroism.
  9041 | Lair:1   | Noticed a four-headed hydra
  9044 | Lair:1   | 9044 ||| SWAPPING to -1 demon whip of venom.
  9048 | Lair:1   | Killed a four-headed hydra
  9049 | Lair:1   | 9049 ||| SWAPPING to +3 war axe.
  9076 | Lair:1   | Noticed an oklob plant
  9077 | Lair:1   | 9077 ||| INVOKING Heroism.
  9079 | Lair:1   | Found the +1 robe of Vines {NoPotionHeal Regen++++}
  9092 | Lair:1   | HP: 16/69 [oklob plant/splash of acid (19)]
  9093 | Lair:1   | 9093 ||| READING scroll of teleportation.
  9094 | Lair:1   | 9094 ||| DRINKING 3 potions of heal wounds.
  9095 | Lair:1   | Killed an oklob plant
  9273 | Lair:1   | 9273 ||| INVOKING Heroism.
  9286 | Lair:1   | Reached skill level 11 in Axes
  9395 | Lair:1   | 9395 ||| INVOKING Heroism.
  9523 | Lair:1   | 9523 ||| READING scroll of enchant weapon.
  9523 | Lair:1   | 9523 ||| ENCHANTING +3 war axe.
  9526 | Lair:1   | 9526 ||| Stepping ~*~*~tactically~*~*~ (stealth).
  9538 | Lair:1   | Reached skill level 9 in Fighting
  9541 | Lair:1   | Reached *** piety under Okawaru
  9619 | Lair:1   | 9619 ||| INVOKING Heroism.
  9687 | Lair:1   | 9687 ||| INVOKING Heroism.
  9712 | Lair:1   | 9712 ||| INVOKING Heroism.
  9811 | Lair:1   | 9811 ||| READING scroll of enchant weapon.
  9811 | Lair:1   | 9811 ||| ENCHANTING +4 war axe.
 10088 | Lair:1   | 10088 ||| UPGRADING to +1 robe of Vines {NoPotionHeal
                  | Regen++++}.
 10098 | Lair:1   | 10098 ||| DROPPING +0 chain mail.
 10187 | Lair:2   | 10187 ||| INVOKING Heroism.
 10215 | Lair:2   | 10215 ||| Stepping ~*~*~tactically~*~*~ (stealth).
 10235 | Lair:2   | 10235 ||| Stepping ~*~*~tactically~*~*~ (stealth).
 10276 | Lair:2   | Noticed Maggie
 10292 | Lair:2   | Killed Maggie
 10292 | Lair:2   | Received a gift from Okawaru
 10295 | Lair:2   | 10295 ||| SWAPPING to +0 broad axe of flaming.
 10296 | Lair:2   | 10296 ||| DROPPING -1 demon whip of venom.
 10297 | Lair:2   | 10297 ||| DROPPING +5 war axe.
 10318 | Lair:2   | 10318 ||| Stepping ~*~*~tactically~*~*~ (stealth).
 10319 | Lair:2   | 10319 ||| Stepping ~*~*~tactically~*~*~ (stealth).
 10320 | Lair:2   | 10320 ||| Stepping ~*~*~tactically~*~*~ (stealth).
 10322 | Lair:2   | 10322 ||| Stepping ~*~*~tactically~*~*~ (stealth).
 10330 | Lair:2   | Reached skill level 12 in Axes
 10331 | Lair:2   | Reached XP level 12. HP: 76/76 MP: 15/15
 10368 | Lair:2   | Found a staircase to the Shoals.
 10376 | Lair:2   | Reached skill level 3 in Dodging
 10571 | Lair:2   | Found a hole to the Spider Nest.
 10573 | Lair:2   | 10573 ||| INVOKING Heroism.
 10725 | Lair:2   | Identified the +1 whip "Irghioho" {drain, rF+ rC+ Str+3
                  | Int+2}
 10778 | Lair:2   | Received a gift from Okawaru
 11150 | Lair:3   | 11150 ||| INVOKING Heroism.
 11369 | Lair:3   | 11369 ||| Stepping ~*~*~tactically~*~*~ (stealth).
 11371 | Lair:3   | 11371 ||| Stepping ~*~*~tactically~*~*~ (stealth).
 11373 | Lair:3   | 11373 ||| INVOKING Heroism.
 11393 | Lair:3   | 11393 ||| INVOKING Heroism.
 11408 | Lair:3   | Reached **** piety under Okawaru
 11479 | Lair:3   | 11479 ||| Stepping ~*~*~tactically~*~*~ (hiding).
 11628 | Lair:3   | 11628 ||| Stepping ~*~*~tactically~*~*~ (stealth).
 11832 | Lair:3   | 11832 ||| READING scroll labelled ZYQE JAJOASA.
 11870 | Lair:4   | 11870 ||| Stepping ~*~*~tactically~*~*~ (stealth).
 11873 | Lair:4   | 11873 ||| Stepping ~*~*~tactically~*~*~ (stealth).
 11875 | Lair:4   | 11875 ||| Stepping ~*~*~tactically~*~*~ (stealth).
 11901 | Lair:4   | Reached ***** piety under Okawaru
 11902 | Lair:4   | Reached skill level 13 in Axes
 11905 | Lair:4   | Noticed a death yak
 11906 | Lair:4   | 11906 ||| INVOKING Heroism.
 11908 | Lair:4   | Reached skill level 6 in Invocations
 11922 | Lair:4   | 11922 ||| Stepping ~*~*~tactically~*~*~ (stealth).
 11924 | Lair:4   | 11924 ||| Stepping ~*~*~tactically~*~*~ (stealth).
 11926 | Lair:4   | 11926 ||| INVOKING Finesse.
 11926 | Lair:4   | Noticed a death yak
 11934 | Lair:4   | Killed a death yak
 11941 | Lair:4   | Reached XP level 13. HP: 82/82 MP: 12/18
 12000 | Lair:4   | Noticed Nessos
 12001 | Lair:4   | 12001 ||| INVOKING Finesse.
 12002 | Lair:4   | 12002 ||| INVOKING Finesse.
 12005 | Lair:4   | Killed Nessos
 12065 | Lair:4   | 12065 ||| Stepping ~*~*~tactically~*~*~ (stealth).
 12067 | Lair:4   | 12067 ||| Stepping ~*~*~tactically~*~*~ (stealth).
 12070 | Lair:4   | 12070 ||| Stepping ~*~*~tactically~*~*~ (stealth).
 12098 | Lair:4   | Received a gift from Okawaru
 12121 | Lair:4   | Found a radiant altar of Vehumet.
 12433 | Lair:4   | Identified the +1 robe of Infinity {Int+2 Slay+3}
 12470 | Lair:4   | 12470 ||| INVOKING Heroism.
 12471 | Lair:4   | 12471 ||| INVOKING Finesse.
 12617 | Lair:4   | 12617 ||| INVOKING Heroism.
 12618 | Lair:4   | 12618 ||| INVOKING Finesse.
 12624 | Lair:4   | 12624 ||| Stepping ~*~*~tactically~*~*~ (hiding).
 12649 | Lair:4   | Reached skill level 9 in Invocations
 12681 | Lair:4   | 12681 ||| Stepping ~*~*~tactically~*~*~ (stealth).
 12682 | Lair:4   | 12682 ||| INVOKING Heroism.
 12692 | Lair:4   | Reached skill level 14 in Axes
 12815 | Lair:4   | 12815 ||| INVOKING Heroism.
 12817 | Lair:4   | Noticed an ice dragon
 12845 | Lair:4   | Killed from afar by an ice dragon

Levels and vault maps discovered:
D:1:      amcnicky_arrival_flooded_fountain, layout_loops_cross,
          ebering_ecumenical_altar_box, grunt_decor_resistance,
          chequers_serial_rivers_micro_d, minmay_misc_feat_pillars,
          minmay_misc_feat_rows, hangedman_decor_growths, minmay_misc_feat_chi
D:2:      layout_loops_ring, grunt_ministairs_3, nicolae_eternal_life,
          uniq_sigmund
D:3:      layout_loops_corners, mainiacjoe_overflow_chevrons,
          nrook_loot_triangle, minmay_puff
D:4:      layout_basic, st_stairs_2, uniq_natasha
D:5:      layout_basic, minmay_temple_entry_junction, serial_shops, shop
D:6:      layout_cave_pools, mainiacjoe_overflow_tiny_flanked,
          mainiacjoe_overflow_surrounded_room, serial_shops,
          nicolae_shop_back_alley_shop, shop, kennysheep_mini_moat, shop,
          serial_bayou_lake_a
D:7:      layout_cave_pools, nicolae_uskayaw_suspiria, enter_bailey_3,
          amcnicky_mini_rare_corridor_liquid, chequers_serial_rivers_small_a
D:8:      layout_basic, minitemple, enter_ossuary_3, amcnicky_mini_pool_small,
          uniq_amaemon
D:9:      layout_small_grid, hiddenorc1_lemuel, minivault_16
D:10:     layout_long_grid, zin_purify, mainiacjoe_overflow_catwalk,
          due_lair_maze_entry_diamond
Temple:   nicolae_temple_slightly_damp_pantheon
Lair:1:   layout_long_grid, nicolae_volcano_entry_s_turn, minivault_26,
          hellmonk_guarded_unrand_vines, grunt_megastairs_4,
          serial_bayou_shore_a
Lair:2:   layout_cave_shapes, minmay_shoals_entry_centaurs,
          spider_nest_entry_funnel_web, uniq_maggie
Lair:3:   layout_loops_ring, forest_entry_grove
Lair:4:   layout_layer_cave, portal_ice_cave_entry_animals_and_master,
          basic_altar, nicolae_quartered_pool_impasse, kilobyte_rumbling_trees,
          uniq_nessos

Skill      XL: |  1  2  3  4  5  6  7  8  9 10 11 12 13 |
---------------+----------------------------------------+-----
Axes           | 2 3 5 6 7 9 10 12 13 14 | 14.0
Fighting       | 4 5 6 8 9 10 | 10.0
Dodging        | 1 2 3 |  3.0
Throwing       | 1 2 |  2.6
Shields        | 8 9 10 11 | 11.1
Invocations    | 4 6 9 |  9.2
Armour         | 6 7 |  7.0

Action                     |  1- 3 |  4- 6 |  7- 9 | 10-12 | 13-15 || total
---------------------------+-------+-------+-------+-------+-------++-------
  Melee: War axe           |   106 |   154 |   240 |   260 |       ||   760
         Demon whip        |       |       |       |     9 |       ||     9
         Broad axe         |       |       |       |   223 |   163 ||   386
  Throw: Boomerang         |       |     9 |    40 |    86 |       ||   135
         Javelin           |       |       |       |     4 |       ||     4
 Invoke: Heroism           |       |       |       |    19 |     4 ||    23
         Finesse           |       |       |       |     1 |     3 ||     4
    Use: Scroll            |     3 |     8 |    19 |     5 |       ||    35
         Potion            |       |     2 |     3 |     1 |       ||     6
   Stab: Distracted        |       |       |       |       |     1 ||     1
 Armour: Scale mail        |    37 |    53 |   108 |    13 |       ||   211
         Chain mail        |       |       |       |    74 |       ||    74
         Robe              |       |       |       |    45 |    31 ||    76
  Dodge: Dodged            |    47 |    96 |   146 |   244 |    58 ||   591
  Block: Buckler           |    24 |    21 |    52 |       |       ||    97
         Reflection        |       |       |     6 |     5 |     1 ||    12
         Kite shield       |       |       |    92 |   409 |    85 ||   586

Table legend:
 A = Non-vault XP
 B = Vault XP
 C = Vault XP percentage of total XP
 D = Non-vault monster count
 E = Vault monster count
 F = Vault count percentage of total count
                 A         B        C        D         E       F
            +---------+---------+-------+---------+---------+-------
      Total |   30670 |   12803 |  29.5 |     248 |      90 |  26.6
            +---------+---------+-------+---------+---------+-------
        D:1 |      42 |       0 |   0.0 |      24 |       0 |   0.0
        D:2 |      36 |     229 |  86.4 |      15 |       3 |  16.7
        D:3 |      63 |       8 |  11.3 |      23 |       3 |  11.5
        D:4 |     121 |      51 |  29.7 |      17 |       3 |  15.0
        D:5 |     786 |       0 |   0.0 |      11 |       0 |   0.0
        D:6 |     394 |       0 |   0.0 |      11 |       0 |   0.0
        D:7 |    1057 |       7 |   0.7 |      19 |       4 |  17.4
        D:8 |     116 |    1194 |  91.1 |       3 |       4 |  57.1
        D:9 |    1390 |     209 |  13.1 |       8 |      17 |  68.0
       D:10 |    1067 |    1738 |  62.0 |      16 |      10 |  38.5
     Lair:1 |    4625 |    2943 |  38.9 |      19 |       5 |  20.8
     Lair:2 |    2994 |    2260 |  43.0 |      15 |      10 |  40.0
     Lair:3 |    4935 |    1214 |  19.7 |      24 |       7 |  22.6
     Lair:4 |   13044 |    2585 |  16.5 |      43 |      13 |  23.2
    Ossuary |       0 |     365 | 100.0 |       0 |      11 | 100.0
            +---------+---------+-------+---------+---------+-------
